[Event "Open Nuevo Centro. Jornada 1"]
[Site "Chess.com"]
[Date "2020.06.19"]
[Round "8"]
[White "Ferrando Lacruz, Nicol�s "]
[Black "Martinez Villena, David"]
[Result "0-1"]
[WhiteElo "1365"]
[BlackElo "1710"]
[TimeControl "180+2"]
[EndTime "12:00:52 PDT"]
[Termination "Victoria de DavidMVAlaquas por jaque mate"]

1. d4 Nf6 2. Nf3 e6 3. Bf4 c5 4. e3 Nc6 5. Bd3 d5 6. Nbd2 Bd6 7. Ne5 Qc7 8. Qf3 Nxe5 9. Bxe5 Bxe5 10. dxe5 Qxe5 11.
e4 O-O 12. O-O b6 13. Qh3 c4 14. Be2 b5 15. b3 Nxe4 16. bxc4 Nxd2 17. Rfd1 Nxc4 18.
Bd3 g6 19. Re1 Qf6 20. g3 e5 21. f4 Bxh3 22. fxe5 Nxe5 23. Rab1 Nf3+ 24. Kf2 Nxe1+ 25. Kxe1 Qc3+ 26. Kd1 Rfe8 27. Bxb5 Re1# 0

[Event "Open Nuevo Centro. Jornada 1"]
[Site "Chess.com"]
[Date "2020.06.19"]
[Round "8"]
[White "Kovacevic, Slobodan"]
[Black "Borissov, Juli�n"]
[Result "1-0"]
[WhiteElo "2060"]
[BlackElo "1846"]
[TimeControl "180+2"]
[EndTime "12:01:28 PDT"]
[Termination "Victoria de nikko110 por abandono"]

1. d4 Nf6 2. Nf3 e6 3. Bf4 c5 4. e3 Be7 5. h3 O-O 6. Nbd2 Nc6 7. c3 b6 8. Bd3 Bb7 9. O-O Re8 10. Qe2 d6 11. Bh2 Bf8 12. Rfd1 a6 13. a4 Qe7 14.
Nc4 Qd8 15. dxc5 bxc5 16. Bxd6 Kh8 17. Bxh7 Nd5 18. Bxf8 Rxf8 19. Bc2 Qc7 20. Ng5 g6 21. Qg4 Ne5 22. Qh4+ Kg7 23. Qh7+ Kf6 24. Ne4+ Ke7 25.
Ncd6 Rad8 26. Qh4+ Kd7 27. Nxb7 1

[Event "Open Nuevo Centro. Jornada 1"]
[Site "Chess.com"]
[Date "2020.06.19"]
[Round "8"]
[White "Valverde Alcaide, Miguel Alejandro"]
[Black "Fern�ndez Mart�n, Berta"]
[Result "1-0"]
[WhiteElo "916"]
[BlackElo "675"]
[TimeControl "180+2"]
[EndTime "12:01:35 PDT"]
[Termination "Victoria de mentafurterei por abandono"]

1. e4 e5 2. Nf3 Nc6 3. Bc4 Nf6 4. Ng5 d5 5. exd5 Nxd5 6. d4 Nxd4 7. Bxd5 Qxd5 8. f3 Bf5 9. Nc3 Nxc2+ 10. Kf1 Qc4+ 11. Kf2 Bc5+ 12. Kg3 O-O 13. Qd5 Qf4+ 14. Bxf4 1

[Event "Open Nuevo Centro. Jornada 1"]
[Site "Chess.com"]
[Date "2020.06.19"]
[Round "8"]
[White "Rodriguez Rodriguez, Joan David "]
[Black "Hassomal Daswani, Birjkumar"]
[Result "0-1"]
[WhiteElo "1625"]
[BlackElo "1843"]
[TimeControl "180+2"]
[EndTime "12:01:44 PDT"]
[Termination "Victoria de daz000007 por tiempo"]

1. d4 Nf6 2. c4 c5 3. d5 e5 4. Nc3 d6 5. e4 Be7 6. g3 Nbd7 7. Bg2 Nf8 8. Nge2 Ng6 9. O-O h5 10. h3 h4 11. g4 Bd7 12. a4 a6 13. f4 exf4 14. Nxf4 Ne5 15. Qe2 Nh7 16. Nh5 g6 17.
Ng7+ Kf8 18. Bh6 Kg8 19. Qf2 Bg5 20. Bxg5 Qxg5 21. Ne6 fxe6 22. dxe6 Bxe6 23. Nd5 Bxd5 24. exd5 Rf8 25. Qe2 Kg7 26. Be4 Rxf1+ 27. Rxf1 Rf8 28. Rxf8 Kxf8 29. Bc2 Kg7 30. a5 Nf6 31. Ba4 Qf4 32.
Bc2 Nf3+ 33. Kf2 Nd4+ 0

[Event "Open Nuevo Centro. Jornada 1"]
[Site "Chess.com"]
[Date "2020.06.19"]
[Round "8"]
[White "Crevillen Abad, Clemente"]
[Black "Fern�ndez Martin, Carlos"]
[Result "0-1"]
[WhiteElo "1754"]
[BlackElo "1610"]
[TimeControl "180+2"]
[EndTime "12:01:55 PDT"]
[Termination "Victoria de Pistachomortal por abandono"]

1. e4 c5 2. d4 cxd4 3. c3 dxc3 4.
Nxc3 Nc6 5. Bc4 e6 6. Nf3 Nge7 7.
O-O Ng6 8. Re1 Be7 9. Nd5 exd5 10. exd5 Na5 11. Bd3 O-O 12. b4 Bxb4 13. Bd2 Bxd2 14.
Qxd2 b6 15. d6 Bb7 16. Nd4 Nc6 17. Nb5 Nce5 18. Nc7 Rc8 19. Be4 Bxe4 20. Rxe4 Qf6 21. Rae1 h5 22. f4 Ng4 23. h3 Nh6 24. Kh2 Nf5 25.
Rd1 h4 26. Qb4 Ng3 27. Nd5 Qf5 28. Re5 Qc2 29. Nc7 Qxd1 0

[Event "Open Nuevo Centro. Jornada 1"]
[Site "Chess.com"]
[Date "2020.06.19"]
[Round "8"]
[White "Saiz Sapena, Veronica"]
[Black "Limaymanta Solis, Luis Anderson"]
[Result "1-0"]
[WhiteElo "1557"]
[BlackElo "1059"]
[TimeControl "180+2"]
[EndTime "12:01:56 PDT"]
[Termination "Victoria de Titina1 por jaque mate"]

1. e4 e6 2. d4 c5 3. Nf3 Qa5+ 4. Bd2 Qb6 5. dxc5 Qxb2 6. Bc3 Qxa2 7. Rxa2 Bxc5 8. Bd4 Bd6 9. Bd3 Nc6 10. O-O h5 11. Bxg7 Rh7 12. Bc3 h4 13. e5 Rh5 14. Re1 Bc5 15. h3 b6 16. Be2 Bb7 17. Ra4 O-O-O 18. Rxh4 Rf5 19. Rh8 a5 20. Bd3 Rf4 21. Bd2 Ra4 22.
Nc3 Rb4 23. Ne4 Rb2 24. Nxc5 bxc5 25. Bc3 Rb6 26. Ng5 Nce7 27. Nxf7 Rf8 28. Nd6+ Kb8 29. Bxa5 Rc6 30. Be4 Ra6 31. Nxb7 d5 32. Bh7 Ng6 33. Rxg8 Rxa5 34. Nxa5 Ka7 35. Rxf8 Nxf8 36. Qa1 Kb6 37. Bd3 c4 38. Nxc4+ dxc4 39. Bxc4 Kc5 40. Qc3 Kb6 41. Bxe6 Nxe6 42. Rb1+ Ka6 43. Qa3# 1

[Event "Open Nuevo Centro. Jornada 1"]
[Site "Chess.com"]
[Date "2020.06.19"]
[Round "8"]
[White "Gimeno Higueras, Roberto"]
[Black "Lopez Mateo, Juan Carlos"]
[Result "0-1"]
[WhiteElo "2018"]
[BlackElo "1955"]
[TimeControl "180+2"]
[EndTime "12:02:02 PDT"]
[Termination "Victoria de Tarantantinov por abandono"]

1. e4 c5 2. c3 Nf6 3. e5 Nd5 4. d4 cxd4 5. Nf3 d6 6. cxd4 Nc6 7.
Bc4 Nb6 8. Bb5 dxe5 9. Nxe5 Bd7 10.
Nxd7 Qxd7 11. O-O e6 12. Nc3 Be7 13. Qg4 O-O 14. Rd1 f5 15. Bxc6 Qxc6 16. Qg3 Rad8 17. Bf4 Bf6 18. Be5 Nd5 19. Rac1 Nxc3 20. Rxc3 Qe4 21.
Rdc1 Bxe5 22. dxe5 Qe2 23. h4 Qxb2 24. Rc7 Rf7 25. Qg5 Qd4 26. Qh5 Rxc7 27. Rxc7 Qa1+ 0

[Event "Open Nuevo Centro. Jornada 1"]
[Site "Chess.com"]
[Date "2020.06.19"]
[Round "8"]
[White "Gil Lopez, Alejandro"]
[Black "Roca Cruz, Rafael"]
[Result "1-0"]
[WhiteElo "2040"]
[BlackElo "1684"]
[TimeControl "180+2"]
[EndTime "12:02:07 PDT"]
[Termination "Victoria de AglVal0313 por abandono"]

1. e4 c5 2. Nf3 e6 3. c3 d5 4. exd5 Qxd5 5. d4 Nf6 6. Be2 cxd4 7. Qxd4 Nc6 8. Qxd5 Nxd5 9. O-O Bd6 10. Re1 O-O 11. c4 Nf4 12. Bxf4 Bxf4 13. Nc3 Rd8 14. Rad1 Bd7 15. g3 Bh6 16. Ne4 b6 17. a3 Be8 18.
b4 Rxd1 19. Rxd1 Rd8 20. Nd6 Kf8 21. c5 Ke7 22. Bb5 Ne5 23. Nxe5 Bxb5 24. Nexf7 Ba4 25. Nxd8 Bxd1 26. Nc6+ Kd7 27. Nxa7 bxc5 28. bxc5 Ba4 29. Ndb5 g6 30. Nc3 Bc2 31. c6+ Kc7 32. Ncb5+ Kb6 33. c7 1

[Event "Open Nuevo Centro. Jornada 1"]
[Site "Chess.com"]
[Date "2020.06.19"]
[Round "8"]
[White "Gracia Calvo, Andres"]
[Black "Casado Andreu, David"]
[Result "1-0"]
[WhiteElo "1835"]
[BlackElo "1567"]
[TimeControl "180+2"]
[EndTime "12:02:12 PDT"]
[Termination "Victoria de andresjaque21 por tiempo"]

1. d4 Nf6 2. Nf3 d5 3. Bf4 Bf5 4. e3 e6 5. Bd3 Bg6 6. Nbd2 Bd6 7.
Ne5 Bxd3 8. cxd3 Nbd7 9. O-O Qe7 10. Rc1 O-O-O 11. Qa4 Kb8 12. Rc3 Nb6 13. Qb3 Bxe5 14.
Bxe5 Rd7 15. Rfc1 Rc8 16. a4 Na8 17. a5 a6 18. Qa4 Ng4 19. Bg3 h5 20. h3 h4 21. Bh2 Nxh2 22. Kxh2 Qd6+ 23. f4 f5 24. Nf3 g6 25. Ne5 Rg7 26. b4 Ka7 27. b5 axb5 28. Qxb5 Qa6 29. Qc5+ Kb8 30. Rb3 c6 31. Rcb1 Rcc7 32.
Qd6 1

[Event "Open Nuevo Centro. Jornada 1"]
[Site "Chess.com"]
[Date "2020.06.19"]
[Round "8"]
[White "Movsisyan, Tigran"]
[Black "Cebolla Ruiz, David"]
[Result "1-0"]
[WhiteElo "1877"]
[BlackElo "1634"]
[TimeControl "180+2"]
[EndTime "12:02:13 PDT"]
[Termination "Victoria de USHADIRvzgo por jaque mate"]

1. a3 Nf6 2. b4 g6 3. Bb2 Bg7 4. c4 O-O 5. d4 d5 6. e3 c6 7. Nd2 a5 8. Ngf3 Bg4 9. Be2 Nbd7 10.
O-O Re8 11. Qb3 Qc7 12. h3 Bxf3 13. Nxf3 Ne4 14. Rfc1 axb4 15. cxd5 bxa3 16. Bxa3 Qb6 17.
Qxb6 Nxb6 18. dxc6 bxc6 19. Rxc6 Nd5 20. Bb2 Rxa1+ 21.
Bxa1 Ra8 22. Ra6 Rxa6 23. Bxa6 e5 24. Bb7 Ndc3 25. Bxe4 Nxe4 26. Nxe5 Bxe5 27. dxe5 Kf8 28. Kf1 Ke7 29. Ke2 Ke6 30. f3 Ng3+ 31. Kf2 Nf5 32. e4 Ne7 33. Ke3 Nc6 34. f4 f5 35. exf6 Kf7 36. g4 Nd8 37. f5 gxf5 38. gxf5 Nc6 39. e5 Nd8 40. Ke4 h6 41. e6+ Nxe6 42.
fxe6+ Kxe6 43. Kf4 Kf7 44. Kg4 Kg6 45. h4 h5+ 46. Kf4 Kf7 47. Kg5 Kf8 48. Kxh5 Kg8 49. Kg5 Kf7 50. Bc3 Kg8 51. Kg6 Kh8 52. f7# 1

[Event "Open Nuevo Centro. Jornada 1"]
[Site "Chess.com"]
[Date "2020.06.19"]
[Round "8"]
[White "Donate Peris, Jose Manuel"]
[Black "Yuste Valenzuela, Alejandro"]
[Result "1-0"]
[WhiteElo "1627"]
[BlackElo "1775"]
[TimeControl "180+2"]
[EndTime "12:02:17 PDT"]
[Termination "Victoria de cheryme por abandono"]

1. d4 Nf6 2. c4 g6 3. Nc3 Bg7 4. e4 d6 5. Nf3 O-O 6. h3 e5 7. d5 c6 8. Be2 cxd5 9. cxd5 Nbd7 10. Be3 Nc5 11. Bxc5 dxc5 12. O-O Nd7 13. Rc1 f5 14.
exf5 gxf5 15. Nh2 Kh8 16. Bc4 e4 17. Rc2 Ne5 18. b3 a6 19. a4 Qa5 20. Ne2 f4 21. d6 Qd8 22. Qd5 f3 23. gxf3 exf3 24. Ng3 Bxh3 25. Re1 Nxc4 26. Rxc4 Rg8 27. Nxf3 Bf8 28.
Rxc5 Bxd6 29. Qd4+ Rg7 30. Rg5 Bf8 31. Qxd8 Rxd8 32.
Rxg7 Bxg7 33. Ng5 1

[Event "Open Nuevo Centro. Jornada 1"]
[Site "Chess.com"]
[Date "2020.06.19"]
[Round "8"]
[White "Rabbani Perez, Ayoub "]
[Black "Cebri�n Granado, Guille"]
[Result "0-1"]
[WhiteElo "225"]
[BlackElo "464"]
[TimeControl "180+2"]
[EndTime "12:02:36 PDT"]
[Termination "Victoria de WinnieGuill por tiempo"]

1. d4 d5 2. Nc3 Nc6 3. Nxd5 Nf6 4. Nxf6+ exf6 5. d5 Qd6 6. Be3 Ne7 7. Bd2 Nxd5 8.
e3 a5 9. Bxa5 Ra6 10. Bd2 Ra5 11.
Bxa5 b6 12. Bd2 Be7 13. e4 f5 14. f3 Qe5 15. c3 Nf6 16. c4 h5 17. c5 Rh6 18.
cxb6 cxb6 19. Ba6 b5 20. Bxb5+ Qxb5 21. b3 Qe5 22. f4 Ba6 23. g3 Qxe4+ 24. Ne2 Ng4 25. Be3 Rd6 26. Qc1 Rd3 27. h3 Bd8 28. hxg4 fxg4 29. Rxh5 Ba5+ 30. Rxa5 Ke7 31. Rxa6 f6 32.
Ra7+ Ke6 33. Ra6+ Kf5 34. Ra5+ Kg6 35. Ra8 f5 36. Ra6+ Kh5 37. Ra5 g5 38. fxg5 Qxe3 39. Rxf5 Qe4 40. Rf8 Qe3 41. g6 Kxg6 42. Rh8 Kg7 43.
Ra8 Kg6 44. b4 Kg5 45. Rb8 Kf5 46. Rf8+ Ke4 47. Re8+ Kf3 0

[Event "Open Nuevo Centro. Jornada 1"]
[Site "Chess.com"]
[Date "2020.06.19"]
[Round "8"]
[White "Morata Briones, Carlos"]
[Black "M�s Ripoll, Vicente"]
[Result "1-0"]
[WhiteElo "780"]
[BlackElo "1071"]
[TimeControl "180+2"]
[EndTime "12:02:44 PDT"]
[Termination "Victoria de CarlosMorata por tiempo"]

1. e4 c5 2. Nf3 e6 3. Nc3 a6 4. Bc4 Nc6 5. a3 h6 6. d3 Nf6 7. h3 b5 8. Bb3 d6 9. a4 b4 10. Ne2 Be7 11. Bf4 Bb7 12. c3 Qb6 13. Bc4 Na5 14. cxb4 Nxc4 15. dxc4 Qxb4+ 16. Bd2 Qxc4 17. Rc1 Qxe4 18. b4 Rc8 19. b5 axb5 20. axb5 O-O 21. Qc2 Qxc2 22. Rxc2 Nd5 23. Nf4 Nc7 24. Rb2 Ra8 25.
O-O Bg5 26. b6 Bxf3 27. bxc7 Bc6 28. Rb6 Bd7 29. Rxd6 Ba4 30. Rc6 Rac8 31. Ra6 Rxc7 32.
Rxa4 Bxf4 33. Bxf4 Rfc8 34. Bxc7 Rxc7 35. Rd1 Kh7 36.
g4 1

[Event "Open Nuevo Centro. Jornada 1"]
[Site "Chess.com"]
[Date "2020.06.19"]
[Round "8"]
[White "Gutierrez Lacambra, Jose Antonio"]
[Black "Vorozbits Moisejevs, Daniels"]
[Result "1-0"]
[WhiteElo "1266"]
[BlackElo "930"]
[TimeControl "180+2"]
[EndTime "12:02:47 PDT"]
[Termination "Victoria de sygm2012 por jaque mate"]

1. c4 e5 2. g3 c6 3. Nf3 e4 4. Nd4 d5 5. d3 exd3 6. Qxd3 Nf6 7. Bg2 Bb4+ 8. Bd2 Bxd2+ 9. Nxd2 O-O 10. O-O Be6 11.
cxd5 cxd5 12. Nxe6 fxe6 13. Nf3 Nc6 14. a3 Qd6 15. Rac1 e5 16. Nd2 e4 17. Qb5 Rab8 18. Rfd1 Nd4 19. Qc5 Qxc5 20. Rxc5 Nxe2+ 21. Kf1 Nd4 22. Rdc1 Nd7 23. Rc7 Nb6 24. Bh3 Nf3 25. Nxf3 exf3 26.
Be6+ Kh8 27. Rd1 Rfd8 28. h4 d4 29. Rd3 Rd6 30. Bg4 Rf8 31. Rxb7 Nc4 32. Rxf3 Rxf3 33. Rb8+ Rd8 34. Rxd8+ Rf8 35. Rxf8# 1

[Event "Open Nuevo Centro. Jornada 1"]
[Site "Chess.com"]
[Date "2020.06.19"]
[Round "8"]
[White "Zakharash, Georgii"]
[Black "Ursariu, Nikolas Victor"]
[Result "1-0"]
[WhiteElo "1055"]
[BlackElo "1170"]
[TimeControl "180+2"]
[EndTime "12:02:48 PDT"]
[Termination "Victoria de georgiizakharash por jaque mate"]

1. e4 e5 2. Nf3 Nc6 3. Bb5 d6 4. O-O Nf6 5. Re1 Be7 6. c3 O-O 7. d4 exd4 8. cxd4 Bd7 9. d5 Ne5 10. Bxd7 Qxd7 11. Nxe5 dxe5 12. Nc3 Rad8 13. Bg5 h6 14. Bh4 c6 15. dxc6 Qxd1 16. Rexd1 Rxd1+ 17. Rxd1 bxc6 18. Bxf6 Bxf6 19. Rd6 Rc8 20. Rd7 a5 21. Ra7 a4 22. Rxa4 Rd8 23. Kf1 Rd2 24. b3 Rc2 25. Ne2 c5 26. Rc4 Rd2 27. Ke1 Rxa2 28. Rxc5 Ra1+ 29.
Rc1 Rxc1+ 30. Nxc1 Bg5 31. Nd3 f6 32. f3 Kf7 33.
Ke2 Ke7 34. Kd1 Kd6 35. Kc2 Kc6 36. Kc3 Kb5 37. b4 g6 38. Nc5 f5 39. exf5 gxf5 40.
Nd7 e4 41. fxe4 fxe4 42. Nc5 e3 43. Nd3 Bf6+ 44. Kc2 Bg5 45. Kd1 Kc4 46. Ke2 Kb5 47. g3 Kc4 48. h4 Be7 49. Kxe3 Bxb4 50. Nxb4 Kxb4 51. Kf4 Kc5 52. Kf5 Kd6 53. Kg6 Ke7 54.
Kxh6 Kf6 55. Kh7 Kf7 56. g4 Kf6 57. g5+ Kf5 58. g6 Kg4 59. g7 Kf4 60. g8=Q Ke4 61. Qf7 Kd4 62. Qe6 Kd3 63. Kg6 Kd2 64. h5 Kd1 65. h6 Kd2 66. h7 Kd3 67. h8=Q Kc2 68. Qd8 Kc3 69. Qc6+ Kb4 70. Qdb6+ Ka3 71. Qa8# 1

[Event "Open Nuevo Centro. Jornada 1"]
[Site "Chess.com"]
[Date "2020.06.19"]
[Round "8"]
[White "R�os Valle, Daniel "]
[Black "Teply Koutsky, David"]
[Result "1-0"]
[WhiteElo "1222"]
[BlackElo "1566"]
[TimeControl "180+2"]
[EndTime "12:02:50 PDT"]
[Termination "Victoria de danielrios010309 por abandono"]

1. e4 e6 2. d4 d5 3. Nc3 Bb4 4. e5 b6 5. Bd2 Ne7 6. a3 Bxc3 7.
Bxc3 Nf5 8. Bd3 Ba6 9. Bxf5 exf5 10. Qh5 Qd7 11. Ne2 O-O 12. Nf4 c5 13. dxc5 bxc5 14. Qg5 h6 15. Qg3 g6 16. Nxg6 fxg6 17. Qxg6+ Qg7 18.
Qe6+ Qf7 19. Qxh6 d4 20. Bd2 Re8 21. f4 Qg7 22. Qxg7+ Kxg7 23. Kf2 Nc6 24. Rhg1 Kf7 25. g4 fxg4 26. Rxg4 Rg8 27. Rag1 Ne7 28. h4 Raf8 29.
f5 Nxf5 30. e6+ Kxe6 31. Rxg8 Rxg8 32. Rxg8 Nxh4 33. Bg5 Kf7 34. Ra8 Nf3 35. Rxa7+ Kg6 36. Kxf3 Kxg5 37. Rxa6 Kf5 38. Rc6 d3 39. cxd3 1

[Event "Open Nuevo Centro. Jornada 1"]
[Site "Chess.com"]
[Date "2020.06.19"]
[Round "8"]
[White "Grigorev, Artur "]
[Black "Cin� Asensio, Luca "]
[Result "1/2-1/2"]
[WhiteElo "857"]
[BlackElo "508"]
[TimeControl "180+2"]
[EndTime "12:03:28 PDT"]
[Termination "Tablas por repetición de movimientos"]

1. e4 e5 2. Nf3 d6 3. Bc4 Nf6 4. d3 Nc6 5. Be3 Na5 6. Nc3 Nxc4 7.
dxc4 Be6 8. Nd5 Bxd5 9. cxd5 c6 10. dxc6 bxc6 11. O-O Nxe4 12. Qd3 Nc5 13. Bxc5 dxc5 14. Qxd8+ Rxd8 15. Nxe5 Bd6 16. Nxc6 Ra8 17. Rfe1+ Be7 18. Rxe7+ Kf8 19. Rae1 Rc8 20. Nxa7 Ra8 21. c4 g6 22. Nc6 Kg7 23. Ne5 Kf6 24. Rxf7+ Kg5 25. g3 Rhe8 26. Nf3+ Kg4 27. Rxe8 Rxe8 28. h3+ Kh5 29.
g4+ Kh6 30. h4 g5 31. hxg5+ Kg6 32. Rf6+ Kg7 33. Rh6 Kh8 34. Nh4 Re1+ 35. Kg2 Re2 36. Nf5 Kg8 37. g6 hxg6 38. Rxg6+ Kf7 39. Rh6 Ke8 40.
Nd6+ Kd7 41. g5 Re5 42. Nf7 Re7 43. Rd6+ Ke8 44. Rd8+ Kxf7 45. a4 Re5 46. a5 Rxg5+ 47. Kf1 Rg6 48. Rd7+ Ke8 49. Rc7 Ra6 50. Rxc5 Kd7 51. b4 Kd6 52. Rh5 Ke6 53. b5 Rxa5 54. f4 Kf6 55. Ke2 Ra2+ 56. Kd3 Ra3+ 57. Kd4 Ra2 58. b6 Rd2+ 59. Kc5 Rb2 60. Kc6 Ke7 61. b7 Kd8 62. Rh8+ Ke7 63. Kc7 Rc2 64. b8=Q Rxc4+ 65. Kb7 Rb4+ 66. Kc8 Rc4+ 67. Kb7 Rb4+ 68. Ka7 Ra4+ 69. Kb7 Rb4+ 1/2-1

[Event "Open Nuevo Centro. Jornada 1"]
[Site "Chess.com"]
[Date "2020.06.19"]
[Round "8"]
[White "Lupu, Alexandru Mihai"]
[Black "Deusa Ballesteros, Luis Miguel"]
[Result "0-1"]
[WhiteElo "996"]
[BlackElo "1487"]
[TimeControl "180+2"]
[EndTime "12:03:38 PDT"]
[Termination "Victoria de luma2 por tiempo"]

1. d4 Nf6 2. Bf4 g6 3. e3 Bg7 4.
c3 d6 5. Bd3 Nbd7 6. Nd2 e5 7.
Bg3 O-O 8. Ngf3 e4 9. Bxe4 Nxe4 10. Nxe4 Re8 11. Ned2 Nb6 12. O-O Bg4 13. h3 Bf5 14.
Re1 d5 15. Nh4 Bd3 16. f3 Nc4 17. e4 dxe4 18. fxe4 Nxd2 19. Qxd2 Bxe4 20. Nf3 Bxf3 21. gxf3 c6 22. Re3 Rxe3 23. Qxe3 Qd7 24. Kg2 Re8 25. Qd2 Qf5 26. Re1 Qd7 27. Bd6 Rxe1 28. Qxe1 Qe6 29. Qxe6 fxe6 30. Bf4 Kf7 31. Kg3 h6 32. Be5 Bf8 33.
f4 Be7 34. h4 g5 35. hxg5 hxg5 36. fxg5 Bxg5 37. b4 Bd2 38. Kf3 Bxc3 39. a3 Kg6 40. Ke3 Kf5 41. Kd3 Bb2 42. a4 a6 43. Kc2 Ba3 44. Kb3 Bc1 45. Kc2 Be3 46. Kd3 Bg5 47. Kc4 Be7 48. b5 Ke4 49. Bh2 axb5+ 50. axb5 cxb5+ 51. Kc3 b4+ 52. Kc4 b5+ 53. Kxb5 b3 0

[Event "Open Nuevo Centro. Jornada 1"]
[Site "Chess.com"]
[Date "2020.06.19"]
[Round "8"]
[White "Gerona Maura, Jesus"]
[Black "G�mez Alonso, �scar"]
[Result "1-0"]
[WhiteElo "1548"]
[BlackElo "1736"]
[TimeControl "180+2"]
[EndTime "12:03:40 PDT"]
[Termination "Victoria de Retistente por abandono"]

1. Nf3 d5 2. e4 dxe4 3. Ng5 Nf6 4. d3 h6 5. Nxe4 Nxe4 6. dxe4 Qxd1+ 7. Kxd1 g6 8. c3 Bg7 9. Be3 O-O 10. Kc2 b6 11. Nd2 Bb7 12. f3 Nd7 13. Be2 c5 14. Rad1 Rad8 15.
h4 Nf6 16. g4 a6 17. Nc4 Nxe4 18. fxe4 Bxe4+ 19. Kb3 Bxh1 20. Rxh1 b5 21. Nd2 c4+ 22.
Kc2 Rd6 23. Bf4 e5 24. Be3 Rfd8 25. Ne4 Rc6 26. Bf3 Re6 27. Nc5 Re7 28. Nxa6 Rd3 29.
Re1 e4 30. Bg2 f5 31. Nb4 Rdd7 32. gxf5 gxf5 33. Bh3 Rf7 34. Rf1 Be5 35. Bxh6 Kh7 36. Bxf5+ Rxf5 37. Rxf5 Re7 38. Bg5 Re8 39. Rf7+ Kg6 40.
Rb7 Bg3 41. Rb6+ Kh5 42. Nd5 Re5 43. Nf6+ Kg6 44. Ng4+ Kf5 45. Nxe5 Kxe5 46. Rxb5+ Ke6 47. h5 Bf2 48. h6 e3 49. h7 e2 50. Bd2 Bd4 51.
cxd4 c3 52. bxc3 1

[Event "Open Nuevo Centro. Jornada 1"]
[Site "Chess.com"]
[Date "2020.06.19"]
[Round "8"]
[White "Sanchis Bon, Sergi"]
[Black "Gukasov, Artem"]
[Result "0-1"]
[WhiteElo "1040"]
[BlackElo "1534"]
[TimeControl "180+2"]
[EndTime "12:03:45 PDT"]
[Termination "Victoria de ArtemGukasov por tiempo"]

1. e4 e6 2. Qf3 d5 3. exd5 exd5 4. Nc3 Nf6 5. d4 c6 6. Be3 Bd6 7. h3 O-O 8. Nge2 Re8 9. g4 h6 10. Bg2 Be6 11. Nf4 Bxf4 12. Qxf4 Nbd7 13. g5 hxg5 14.
Qxg5 Qb6 15. h4 Qxb2 16. O-O Qxc3 17. h5 Ng4 18. h6 g6 19. f3 Qxe3+ 20. Qxe3 Nxe3 21.
Rf2 Kh7 22. Re2 Nf5 23. Kf2 Kxh6 24. Ree1 Nxd4 25. Rh1+ Kg7 26. Rh2 Nxc2 27. Rah1 Ne5 28. Rh7+ Kf6 29. R1h4 Nc4 30. Rf4+ Ke7 31. Rg7 Kd6 32.
Bf1 N4e3 33. Bd3 Nd1+ 34. Ke2 Nc3+ 35. Kd2 Nb4 36. Kxc3 Nxd3 37. Kxd3 Rg8 38. Rh7 Rh8 39. Rh2 Rh4 40. Rfxh4 Bf5+ 41. Kd4 Re8 42. Kc3 c5 43. Kd2 d4 44. Re2 Re3 0

[Event "Open Nuevo Centro. Jornada 1"]
[Site "Chess.com"]
[Date "2020.06.19"]
[Round "8"]
[White "Luque Saiz, Andres"]
[Black "Sanchez Saez, Francisco"]
[Result "1/2-1/2"]
[WhiteElo "1935"]
[BlackElo "2281"]
[TimeControl "180+2"]
[EndTime "12:03:59 PDT"]
[Termination "Partida en tablas por material insuficiente"]

1. e4 g6 2. d4 Bg7 3. Nf3 d6 4. Be2 Nf6 5. Nc3 O-O 6. O-O Nc6 7. d5 Nb8 8. h3 e5 9. dxe6 Bxe6 10. Be3 Nc6 11. Nd4 Bd7 12. a4 Re8 13. Bd3 Nb4 14.
Re1 Nxd3 15. cxd3 c6 16. f4 Qa5 17. Qd2 Nh5 18. Nc2 f5 19. b4 Qd8 20. Bf2 Qf6 21.
Ra3 fxe4 22. Nxe4 Qxf4 23. Qxf4 Nxf4 24. Nxd6 Rxe1+ 25. Bxe1 Bf5 26. Nxf5 gxf5 27. Bd2 Nd5 28. Kf2 Re8 29. b5 c5 30. Kf3 Kf7 31. Ne3 Ke6 32. Nxd5 Kxd5 33. Be3 Bd4 34. Bxd4 Kxd4 35. Kf4 Re2 36. g4 fxg4 37. hxg4 Rd2 38. b6 axb6 39. Rb3 Rxd3 40. Rxb6 c4 41. Rxb7 Rh3 42. a5 Rh6 43. Rd7+ Kc5 44. Rc7+ Kb5 45. Kg5 Rc6 46. Rxh7 c3 47.
Rh1 c2 48. Rc1 Kxa5 49. Kf4 Kb4 50. g5 Kb3 51. Kf5 Kb2 52. Rg1 c1=Q 53. Rxc1 Rxc1 54. g6 Kc3 55. g7 Rf1+ 56. Ke6 Rg1 57. Kf7 Kd4 58. g8=Q Rxg8 59. Kxg8 1/2-1

[Event "Open Nuevo Centro. Jornada 1"]
[Site "Chess.com"]
[Date "2020.06.19"]
[Round "8"]
[White "Macias Pino, Diego"]
[Black "Garcia, Jhoel"]
[Result "0-1"]
[WhiteElo "2161"]
[BlackElo "2330"]
[TimeControl "180+2"]
[EndTime "12:04:15 PDT"]
[Termination "Victoria de shoels por abandono"]

1. e4 c5 2. Nc3 Nc6 3. Bb5 Nd4 4.
Bc4 Nf6 5. Nf3 e6 6. O-O d6 7. d3 Be7 8. Nxd4 cxd4 9. Ne2 e5 10. f4 O-O 11. Bb3 a5 12. a4 Be6 13. Bxe6 fxe6 14.
fxe5 dxe5 15. Bd2 Qb6 16. b3 Nxe4 17. dxe4 d3+ 18. Kh1 dxe2 19. Qxe2 Bc5 20. Rxf8+ Rxf8 21. Rf1 Rxf1+ 22. Qxf1 Bb4 23. Bxb4 Qxb4 24. Qe2 Qd4 25. h3 h6 26. Kh2 Kh7 27. Qg4 Qe3 28. Qf3 Qd2 29. Qd3 Qf2 30. Qc4 Qf4+ 31. Kh1 Qf6 32. Kg1 b6 33. Qf1 Qg5 34. Qe2 Qf4 35. Qd3 Qc1+ 36.
Kh2 Qf4+ 37. Kg1 Qf6 38. Qe3 Qd8 39. Kh2 Qd1 40. Qxb6 Qxc2 41. Qe3 Qc6 42. Qd3 Qc1 43. Qf3 Qf4+ 44. Qxf4 exf4 45. Kg1 Kg6 46. Kf2 Kf6 47. Ke2 Ke5 48. Kd3 g5 49. b4 axb4 50. a5 Kd6 51.
Kc4 Kc6 52. Kxb4 h5 53. Kc4 g4 54. hxg4 h4 55. g5 f3 56. g6 fxg2 0

[Event "Open Nuevo Centro. Jornada 1"]
[Site "Chess.com"]
[Date "2020.06.19"]
[Round "8"]
[White "Miranda Calvo, Max Rodrigo"]
[Black "Elenkov Olmo, Ivan"]
[Result "1-0"]
[WhiteElo "1199"]
[BlackElo "816"]
[TimeControl "180+2"]
[EndTime "12:04:41 PDT"]
[Termination "Victoria de bas-max-miranda por jaque mate"]

1. e4 e5 2. Nf3 Nc6 3. Bc4 h6 4. d3 Nf6 5. Be3 d5 6. exd5 Nxd5 7. Bxd5 Qxd5 8. c4 Qd7 9. Nbd2 Be7 10. O-O Bf6 11. Qc2 O-O 12. h3 b6 13. b3 Bb7 14.
Rad1 a5 15. a4 Rfe8 16. Rfe1 Be7 17. Nf1 Nb4 18. Qb1 Red8 19. N3h2 Nxd3 20. Re2 Qf5 21. Ng3 Qh7 22. Red2 Nb4 23. Qxh7+ Kxh7 24. Rxd8 Rxd8 25. Rxd8 Bxd8 26. Ng4 f6 27. f3 Be7 28. Kf2 Nd3+ 29. Ke2 Nb4 30. Nf5 Bc5 31. Bxc5 bxc5 32. Nge3 c6 33.
g4 Kg8 34. Ne7+ Kf7 35. N7f5 Kf8 36. Nd6 Ke7 37. Nxb7 Kd7 38. Nxc5+ Kd6 39. Nb7+ Kc7 40. Nxa5 Kb6 41. Nxc6 Kxc6 42. Kd2 Kc7 43. Kc3 Nc6 44.
Nd5+ Kd7 45. c5 Nb8 46. a5 Kc6 47. Kc4 g5 48. b4 e4 49. fxe4 Kb7 50. b5 Kc8 51. b6 Kb7 52. c6+ Kc8 53. c7 Na6 54.
Kb5 Kb7 55. Ne7 Ka8 56. c8=Q+ Nb8 57. Nc6 f5 58. Qxb8# 1

[Event "Open Nuevo Centro. Jornada 1"]
[Site "Chess.com"]
[Date "2020.06.19"]
[Round "8"]
[White "Campos Gambuti, Luis Mar�a"]
[Black "Garcia Trobat, Francisco"]
[Result "1-0"]
[WhiteElo "2345"]
[BlackElo "2220"]
[TimeControl "180+2"]
[EndTime "12:04:54 PDT"]
[Termination "Victoria de Tangalangafacv por tiempo"]

1. d4 Nf6 2. Nf3 e6 3. c4 Bb4+ 4. Nbd2 b6 5. a3 Bxd2+ 6. Bxd2 Bb7 7. Bg5 h6 8. Bh4 d6 9. e3 g5 10. Bg3 Ne4 11. Nd2 Nxg3 12. hxg3 Nd7 13. Nf3 Qe7 14.
Qa4 Kf8 15. Qc2 Kg7 16. Be2 Nf6 17. Bd3 c5 18. O-O Bxf3 19. gxf3 h5 20. f4 g4 21.
Be4 Rac8 22. d5 exd5 23. Bxd5 Nxd5 24. cxd5 Rhe8 25. Rac1 Qe4 26. Qxe4 Rxe4 27. b3 b5 28. Rc2 a5 29. Rfc1 a4 30. b4 c4 31. Rc3 Kf6 32. Kf1 Kf5 33. Ke2 h4 34. gxh4 Rh8 35. Rh1 f6 36. Rcc1 Re7 37. Rh2 Ke4 38. Rd1 c3 39. Rd4+ Kf5 40. Kd3 Rc7 41. Kc2 g3 42. fxg3 Kg4 43. Rd1 Kxg3 44. Rdh1 Kf3 45. Rh3+ Ke4 46.
Rd1 Rc4 47. h5 Rh6 48. Rd3 Kf5 49. Rxc3 Rxc3+ 50. Kxc3 Ke4 51. Kd2 f5 52. Ke2 Kxd5 53.
Kd3 Kc6 54. Kd4 Kd7 55. Kd5 Re6 56. h6 Re8 57. h7 Rh8 58. Rh6 1